 Dungeon Crawl Stone Soup version 0.30-a0-1085-g990a428a5c (webtiles) character file.

Game seed: 5096137145574275083

185 Lavandula the Insei (level 5, -2/42 HPs)
             Began as a Naga Venom Mage on Apr 16, 2023.
             Slain by an adder (3 damage)
             ... on level 5 of the Dungeon.
             The game lasted 00:04:34 (2747 turns).

Lavandula the Insei (Naga Venom Mage)               Turns: 2747, Time: 00:04:36

Health: -2/42      AC:  2    Str:  8 (10) XL:     5   Next: 64%
Magic:  6/8        EV:  9    Int: 15 (18) God:
Gold:   119        SH:  0    Dex:  9 (11) Spells: 2/8 levels left

rFire   . . .      SeeInvis +      - Unarmed
rCold   . . .      Faith    .    (no shield)
rNeg    . . .      Spirit   .    a - +0 robe
rPois   +          Reflect  .    (no helmet)
rElec   .          Rampage  .    (no cloak)
rCorr   .                        (no gloves)
Will    .....                    (no barding)
Stlth   ++                       (no amulet)
HPRegen 0.27/turn                (no ring)
MPRegen 0.11/turn                (no ring)

@: lethally poisoned (-2 -> -4), flying, very slow
A: AC +1, large, see invisible, deformed body, poison resistance, slowness 2,
spit poison 1, naga tail 1
a: Spit Poison


You were on level 5 of the Dungeon.
You visited 1 branch of the dungeon, and saw 4 of its levels.

You collected 119 gold pieces.

Inventory:

Armour
 a - a +0 robe (worn)
Scrolls
 c - 2 scrolls of teleportation {unknown}
 f - a scroll of brand weapon {unknown}
 j - a scroll of magic mapping {unknown}
 k - a scroll of amnesia {unknown}
 l - a scroll of identify {unknown}
 m - a scroll of enchant armour {unknown}
 n - a scroll of summoning {unknown}
 q - a scroll of poison {unknown}
 s - a scroll of blinking {unknown}
Potions
 b - a potion of magic
 d - a potion of attraction {unknown}
 e - a potion of haste {unknown}
 g - 2 potions of cancellation {unknown}
 h - 2 potions of degeneration
 i - a potion of lignification {unknown}
 o - a potion of brilliance {unknown}
 p - a potion of flight
 r - a potion of berserk rage {unknown}


   Skills:
 - Level 1.5 Dodging
 - Level 3.0 Stealth
 + Level 5.2 Unarmed Combat
 - Level 2.0 Spellcasting
 - Level 1.0 Transmutations
 - Level 4.0 Poison Magic


You had 2 spell levels left.
You knew the following spells:

 Your Spells              Type           Power      Damage    Failure   Level
a - Sting                 Tmut/Pois      36%        1d4       8%          1
b - Poisonous Vapours     Pois/Air       14%        N/A       14%         2
c - Mephitic Cloud        Conj/Pois/Air  5%         N/A       36%         3

Your spell library contained the following spells:

 Spells                   Type           Power      Damage    Failure   Level
 Olgreb's Toxic Radiance  Pois           13%        N/A       38%         4


Dungeon Overview and Level Annotations

Branches:
Dungeon (5/15)
 Temple: D:4-7

Altars:

Shops:
D:3 :

Annotations:
D:1 1 runed translucent door
D:3 3 runed translucent doors, Azuvok's ghost, amateur MiFi
D:5 exclusion: black bear, Grinder


Innate Abilities, Weirdness & Mutations

Your serpentine skin is tough. (AC +1)
You have supernaturally acute eyesight. (SInv)
Armour fits poorly on your strangely shaped body.
Your system is resistant to poisons. (rPois)
You cover ground very slowly.
You can spit poison.
You have a snake-like lower body.


Message History

The adder attacks as you move away! The adder bites you.
You feel sick. The adder bites you. The adder closely misses you.
The adder attacks as you move away! The adder closely misses you.
You have got your breath back.
You feel sick.
An adder comes into view.
The adder bites you but does no damage. The adder barely misses you.
The adder bites you but does no damage. The adder attacks as you move away!
The adder bites you.
You feel sick. The adder bites you. x2
You feel sick.
You are no longer poisoned.
You kill the adder!
The adder bites you. The adder closely misses you.
The adder attacks as you move away! The adder bites you. x2
The adder bites you but does no damage. The adder attacks as you move away!
The adder bites you.
* * * LOW HITPOINT WARNING * * *
The adder attacks as you move away! The adder barely misses you. x2
The adder attacks as you move away! The adder bites you.
* * * LOW HITPOINT WARNING * * *
You are poisoned.
The adder poisons you!
* * * LOW HITPOINT WARNING * * *
You feel very sick. The adder bites you.
* * * LOW HITPOINT WARNING * * *
It was a potion of degeneration.
There was something very wrong with that liquid.
You feel weakened.
You feel dopey.
You feel clumsy.
* * * LOW HITPOINT WARNING * * *
You feel sick. The adder bites you but does no damage.
It was a potion of flight.
You feel very buoyant.
You fly up into the air.
* * * LOW HITPOINT WARNING * * *
You feel sick. The adder bites you.
* * * LOW HITPOINT WARNING * * *
The adder bites you.
You die...

#### #.....(.....#..$S.5.
...## #...........#......S
#...# #...........#......S
#.#.# #...........#.......
#.#.#########.#.......#.......
.........# #.........#####PPP
..#.####.# ###SS.....#
#.#.####.#######S######
..............##@#..#
#)#......####.##†#..#
#.#.###### #.##.#..# #...#
#.##....# #.### #.####.## #.#
#......# #.#### ########
#....# #.####


You could see 3 adders.

Vanquished Creatures
  A hound (D:2)
  A jelly (D:5)
  An iguana (D:5)
  2 adders
  4 worms (D:2)
  An orc (D:5)
  5 endoplasms
  7 giant cockroaches
  5 goblins
  4 hobgoblins
  5 jackals
  5 quokkas
  6 ball pythons
  4 bats
  5 frilled lizards
  5 kobolds
  8 rats
69 creatures vanquished.

Notes
Turn   | Place    | Note
-------+----------+-------------------------------------------
     0 | D:1      | Lavandula the Naga Venom Mage began the quest for the Orb.
     0 | D:1      | Reached XP level 1. HP: 15/15 MP: 3/3
     1 | D:1      | Found a runed translucent door.
    75 | D:1      | Reached skill level 1 in Unarmed Combat
   192 | D:1      | Reached XP level 2. HP: 22/22 MP: 3/5
   231 | D:1      | Learned a level 2 spell: Poisonous Vapours
   338 | D:1      | Reached skill level 2 in Unarmed Combat
   520 | D:1      | Reached XP level 3. HP: 26/28 MP: 4/6
   524 | D:1      | Learned a level 3 spell: Mephitic Cloud
  1007 | D:1      | Reached skill level 3 in Unarmed Combat
  1099 | D:2      | Identified the +6 whip of Kaatuink {drain, rN+}
  1359 | D:2      | Reached XP level 4. HP: 36/36 MP: 5/7
  1401 | D:2      | Reached skill level 4 in Unarmed Combat
  2335 | D:3      | Found a runed translucent gate.
  2335 | D:3      | Found a runed translucent gate.
  2335 | D:3      | Found a runed translucent gate.
  2335 | D:3      | Noticed Azuvok's ghost (amateur MiFi)
  2352 | D:3      | Reached XP level 5. HP: 42/42 MP: 8/8
  2479 | D:3      | Found Sonocs's Book Emporium.
  2523 | D:3      | You fall into a shaft and drop 2 floors!
  2523 | D:5      | Entered Level 5 of the Dungeon
  2629 | D:5      | Noticed a black bear
  2689 | D:5      | Reached skill level 5 in Unarmed Combat
  2730 | D:5      | Noticed Grinder
  2747 | D:5      | HP: 2/42 [poisoned by an adder]
  2747 | D:5      | Slain by an adder

Illustrated notes

Levels and vault maps discovered:
D:1:      dpeg_arrival_caged_fury, layout_loops_corners, minmay_misc_feat_iff,
          st_stairs_10
D:2:      layout_basic
D:3:      layout_basic, ebering_ghost_rock_garden,
          dilly_ecumenical_altar_fadedgnrine, serial_shops, shop,
          minmay_strange_pillars, uniq_crazy_yiuf_cottage, uniq_ijyb
D:5:      layout_basic, tgw_trog, nrook_pool_corridor, serial_bayou_pond_c,
          uniq_eustachio, uniq_sigmund, uniq_grinder, uniq_pikel

Skill      XL: |  1  2  3  4  5 |
---------------+----------------+-----
Unarmed Combat | 1 2 3 4 5 |  5.2
Dodging        | |  1.5
Stealth        | |  3.0
Spellcasting   | |  2.0
Transmutations | |  1.0
Poison Magic   | |  4.0

Action                     |  1- 3 |  4- 6 || total
---------------------------+-------+-------++-------
  Melee: Unarmed           |    22 |    16 ||    38
   Cast: Sting             |    43 |    48 ||    91
         Poisonous Vapours |     1 |       ||     1
Ability: Spit Poison       |    33 |    16 ||    49
    Use: Potion            |       |     2 ||     2
 Armour: Robe              |     6 |    10 ||    16
  Dodge: Dodged            |    25 |    23 ||    48

Table legend: (Time is in decaauts)
 A = Elapsed time spent in this place.
 B = Non-inter-level travel time spent in this place.
 C = Inter-level travel time spent in this place.
 D = Time resting spent in this place.
 E = Time spent auto-exploring this place.
 F = Levels seen in this place.
 G = Mean time per level.
                   A        B        C        D        E       F      G
               +--------+--------+--------+--------+--------+-----+--------+
         Total |   3371 |   3344 |     27 |     51 |   2849 |   4 |  842.8 |
       Dungeon |   3371 |   3344 |     27 |     51 |   2849 |   4 |  842.8 |
               +--------+--------+--------+--------+--------+-----+--------+

Top non-repeatable levels by time:
     D:2: 1403 daAuts
     D:1: 1319 daAuts
     D:3: 371 daAuts
     D:5: 278 daAuts
